 Dungeon Crawl Stone Soup version 0.27-a0-122-g58b3cc3132 (webtiles) character file.

Game seed: 3966373445567911585

552 Forecaster the Magician (level 7, 0/58 HPs)
             Began as a Naga Hedge Wizard on Jan 25, 2021.
             Shot with an arrow by a centaur (10 damage)
             ... on level 5 of the Dungeon.
             The game lasted 00:23:33 (5534 turns).

Forecaster the Magician (Naga Hedge Wizard)         Turns: 5534, Time: 00:23:33

Health: 0/58       AC:  9    Str: 13    XL:     7   Next: 29%
Magic:  16/24      EV: 10    Int: 15    God:
Gold:   390        SH:  0    Dex: 11    Spells: 10/15 levels left

rFire    . . .     SeeInvis +   a - +2 dagger
rCold    . . .     Faith    .   (no shield)
rNeg     . . .     Spirit   .   n - +3 leather armour
rPois    +         Reflect  .   c - +0 hat
rElec    .         Harm     .   (no cloak)
rCorr    .         Rampage  .   (no gloves)
Will     .....                  (no barding)
Stlth    ++........             (no amulet)
HPRegen  0.19/turn              l - ring of magical power
MPRegen  0.19/turn              o - ring of flight

@: very slow
A: large, iridescent scales 1, see invisible, deformed body, high mp 1, poison
resistance, slowness 2, spit poison 1, AC +2
a: Spit Poison, Evoke Flight


You were on level 5 of the Dungeon.
You visited 1 branch of the dungeon, and saw 5 of its levels.

You collected 390 gold pieces.

Inventory:

Hand Weapons
 a - a +2 dagger (weapon)
 q - a +0 dagger
 s - a +0 dagger
Missiles
 t - 8 poisoned darts
 w - 3 atropa-tipped darts
Armour
 c - a +0 hat (worn)
 i - a +3 leather armour
 m - a +0 robe
 n - a +3 leather armour (worn)
Jewellery
 l - a ring of magical power (left hand)
 o - a ring of flight (right hand)
 v - an uncursed ring of wizardry {unknown}
Wands
 d - a wand of paralysis (9)
Scrolls
 b - a scroll of teleportation {unknown}
 f - 4 scrolls of remove curse
 g - a scroll of magic mapping {unknown}
 k - 2 scrolls of immolation
 p - 3 scrolls of amnesia {unknown}
Potions
 e - 2 potions of mutation
 h - 2 potions of lignification
 j - 4 potions of brilliance
 r - a potion of experience {unknown}
 u - a potion of resistance {unknown}
 x - a potion of attraction {unknown}


   Skills:
 + Level 1.9 Fighting
 + Level 2.1 Short Blades
 + Level 1.4 Armour
 + Level 2.4 Dodging
 + Level 4.5 Stealth
 + Level 4.9 Spellcasting
 + Level 1.7 Conjurations
 + Level 3.0 Summonings
 + Level 1.0 Translocations


You had 10 spell levels left.
You knew the following spells:

 Your Spells              Type           Power        Failure   Level
a - Magic Dart            Conj           32%          11%         1
b - Call Imp              Summ           12%          10%         2
c - Blink                 Tloc           N/A          21%         2

Your spell library contained the following spells:

 Spells                   Type           Power        Failure   Level
 Slow                     Hex            3%           32%         2
 Conjure Flame            Conj/Fire      6%           41%         3
 Mephitic Cloud           Conj/Pois/Air  5%           45%         3


Dungeon Overview and Level Annotations

Branches:
Dungeon (5/15)
 Temple: D:4-7

Altars:


Innate Abilities, Weirdness & Mutations

You cannot wear boots.
Your serpentine skin is tough. (AC +2)
You have supernaturally acute eyesight. (SInv)
Armour fits poorly on your strangely shaped body.
Your system is resistant to poisons. (rPois)
You cover ground very slowly.
You can spit poison.
You are partially covered in iridescent scales. (AC +2)
You have an increased reservoir of magic. (+10% MP)


Message History

The centaur hits you but does no damage.
You closely miss the centaur.
The centaur is heavily wounded.
The centaur hits you but does no damage.
The centaur closely misses you.
You barely miss the centaur.
The centaur is heavily wounded.
The centaur completely misses you.
You closely miss the centaur.
The centaur is heavily wounded.
The centaur hits you!
* * * LOW HITPOINT WARNING * * *
Casting: Call Imp (safe; 10% risk of failure)
Confirm with . or Enter, or press ? or * to list all spells.
You blink.
The centaur wields a +0 shortbow.
The centaur shoots an arrow.
The arrow barely misses you.
Casting: Blink (safe; 21% risk of failure)
Confirm with . or Enter, or press ? or * to list all spells.
You blink.
The centaur shoots an arrow.
The arrow hits you!
You die...

#...................
#############...####
####...# # #......# #
#####.##.###
#..........####
#.###.#######..
##########.# #.........#
#......@##.########....#
#.......##.....####....#
#.......######..........
#.......##...#..........
#....c..................
#.......................
#...ยง...................
#.......##.#.#)########.
####....##.#.#........#.


You could see a centaur.

Vanquished Creatures
  An ogre (D:4)
  2 elf skeletons (D:4)
  A scorpion (D:4)
  A howler monkey (D:5)
  A hound (D:5)
  A bullfrog skeleton (D:4)
  An orc priest (D:4)
  A gnoll shaman (D:5)
  A hound skeleton (D:4)
  2 gnolls (D:5)
  2 adders (D:2)
  An ooze (D:1)
  A dart slug (D:1)
  A leopard gecko (D:2)
  2 orcs
  7 bats
  8 giant cockroaches
  5 goblins
  2 hobgoblins
  5 jackals
  2 kobolds (D:2)
  A quokka (D:2)
  A ball python (D:3)
  6 frilled lizards
  An orc zombie (D:4)
  2 rats (D:2)
59 creatures vanquished.

Vanquished Creatures (collateral kills)
  A bullfrog skeleton (D:5)
  A jelly (D:4)
  A human zombie (D:4)
  An orc wizard (D:5)
  A human skeleton (D:4)
  Ijyb (D:3)
  3 gnolls (D:5)
  2 adders
  An ooze (D:5)
  3 dart slugs
  2 leopard geckos (D:2)
  8 orcs
  A giant cockroach (D:4)
  A goblin (D:2)
  4 hobgoblins
  6 jackals
  A quokka (D:5)
  A bat (D:3)
  2 kobolds
  An orc skeleton (D:4)
  2 rats
44 creatures vanquished.

Vanquished Creatures (others)
  A hound skeleton (D:5)
1 creature vanquished.

Grand Total: 104 creatures vanquished

Notes
Turn   | Place    | Note
-------+----------+-------------------------------------------
     0 | D:1      | Forecaster the Naga Hedge Wizard began the quest for the
                  | Orb.
     0 | D:1      | Reached XP level 1. HP: 15/15 MP: 4/4
   342 | D:1      | Reached XP level 2. HP: 11/22 MP: 0/6
   345 | D:1      | Learned a level 2 spell: Call Imp
   348 | D:1      | Learned a level 2 spell: Blink
   864 | D:1      | Reached XP level 3. HP: 24/28 MP: 1/8
  2205 | D:2      | You fall into a shaft and drop 1 floor!
  2324 | D:3      | Reached XP level 4. HP: 36/36 MP: 9/9
  2647 | D:3      | Noticed Ijyb
  2780 | D:2      | Gained mutation: You have a pair of small horns on your
                  | head. [potion of mutation]
  2780 | D:2      | Lost mutation: You have a pair of small horns on your head.
                  | [potion of mutation]
  2780 | D:2      | Gained mutation: You are strong-willed. (Will+) [potion of
                  | mutation]
  2782 | D:2      | Lost mutation: You are strong-willed. (Will+) [potion of
                  | mutation]
  2782 | D:2      | Gained mutation: You are clumsy. (Dex -2) [potion of
                  | mutation]
  2782 | D:2      | Lost mutation: You are clumsy. (Dex -2) [potion of
                  | mutation]
  2782 | D:2      | Gained mutation: Your tail ends in a poisonous barb.
                  | [potion of mutation]
  2783 | D:2      | Lost mutation: Your tail ends in a poisonous barb. [potion
                  | of mutation]
  2783 | D:2      | Gained mutation: You are partially covered in iridescent
                  | scales. (AC +2) [potion of mutation]
  2783 | D:2      | Gained mutation: You have an increased reservoir of magic.
                  | (+10% MP) [potion of mutation]
  3522 | D:3      | Killed Ijyb
  3618 | D:4      | Reached XP level 5. HP: 35/42 MP: 12/12
  3769 | D:4      | Reached skill level 1 in Armour
  3920 | D:4      | Noticed an ogre
  3938 | D:4      | Killed an ogre
  3939 | D:4      | Reached skill level 1 in Fighting
  3939 | D:4      | Reached XP level 6. HP: 51/51 MP: 13/13
  4243 | D:4      | Reached skill level 1 in Short Blades
  4706 | D:5      | Entered Level 5 of the Dungeon
  4909 | D:5      | Reached XP level 7. HP: 57/57 MP: 15/15
  5534 | D:5      | Shot with an arrow by a centaur

Illustrated notes

Levels and vault maps discovered:
D:1:      lemuel_arrival_hallway, layout_basic, st_stairs_13,
          minmay_worlds_worst_comb
D:2:      layout_basic, minmay_tromino_v2
D:3:      layout_basic, uniq_ijyb
D:4:      layout_loops_ring, nicolae_ossuary_entry_catacombs
D:5:      layout_basic

Skill      XL: |  1  2  3  4  5  6  7 |
---------------+----------------------+-----
Dodging        | 2 |  2.4
Spellcasting   | 4 |  4.9
Stealth        | 4 |  4.5
Summonings     | 2 3 |  3.0
Armour         | 1 |  1.4
Fighting       | 1 |  1.9
Short Blades   | 1 2 |  2.1
Conjurations   | |  1.7
Translocations | |  1.0

Action                   |  1- 3 |  4- 6 |  7- 9 || total
-------------------------+-------+-------+-------++-------
Melee: Dagger            |    50 |   135 |    93 ||   278
 Cast: Magic Dart        |    54 |    35 |     2 ||    91
       Call Imp          |    15 |    50 |    11 ||    76
       Blink             |       |       |     2 ||     2
  Use: Scroll            |       |    10 |       ||    10
       Potion            |       |     4 |     1 ||     5
 Stab: Sleeping          |     5 |     1 |       ||     6
       Distracted        |     1 |     1 |       ||     2
Armor: Robe              |    13 |       |       ||    13
       Leather armour    |       |    43 |    28 ||    71
       Skin              |       |       |    28 ||    28
Dodge: Dodged            |    38 |    79 |    48 ||   165

Table legend: (Time is in decaauts)
 A = Elapsed time spent in this place.
 B = Non-inter-level travel time spent in this place.
 C = Inter-level travel time spent in this place.
 D = Time resting spent in this place.
 E = Time spent auto-exploring this place.
 F = Levels seen in this place.
 G = Mean time per level.
                   A        B        C        D        E       F      G
               +--------+--------+--------+--------+--------+-----+--------+
         Total |   6532 |   6385 |    147 |   1017 |   3901 |   5 | 1306.4 |
       Dungeon |   6532 |   6385 |    147 |   1017 |   3901 |   5 | 1306.4 |
               +--------+--------+--------+--------+--------+-----+--------+

Top non-repeatable levels by time:
     D:1: 1733 daAuts
     D:2: 1593 daAuts
     D:4: 1313 daAuts
     D:3: 961 daAuts
     D:5: 930 daAuts
